 Dungeon Crawl Stone Soup version 0.18-a0-97-g9c2abca (webtiles) character file.

5054 nublet the Covert (level 10, -4/63 HPs)
             Began as a Kobold Artificer on Nov 14, 2015.
             Was a Believer of Nemelex Xobeh.
             Slain by Harold the hornet (14 damage)
             ... on level 10 of the Dungeon.
             The game lasted 00:52:40 (10914 turns).

nublet the Covert (Kobold Artificer)               Turns: 10914, Time: 00:52:41

Health: -4/63      AC: 10    Str:  9    XL:     10   Next: 86%
Magic:  3/16       EV: 22    Int: 10    God:    Nemelex Xobeh [**....]
Gold:   430        SH:  0    Dex: 21    Spells: 0 memorised, 9 levels left

rFire  + + .     SeeInvis .     H - +0 rapier
rCold  . . .     Clarity  .     m - +3 leather armour
rNeg   . . .     SustAt   .     (shield restricted)
rPois  .         Gourm    .     (no helmet)
rElec  .         Spirit   .     u - +2 cloak {MR+}
rCorr  .         Warding  .     M - +0 pair of gloves
rMut   +         Stasis   .     j - +1 pair of boots
MR     +....                    t - amulet of resist mutation
Stlth  +++++.....               v - ring of protection from fire
                                x - ring of protection from fire

@: lethally poisoned (-4 -> -27), slowed, very slow, somewhat resistant to
hostile enchantments, quite stealthy
A: carnivore 3, deformed body, no device heal 1, MP-powered wands
a: Renounce Religion


You were on level 10 of the Dungeon.
You worshipped Nemelex Xobeh.
Nemelex Xobeh was pleased with you.
You were very full.

You visited 2 branches of the dungeon, and saw 12 of its levels.
You also visited: Sewer.

You collected 632 gold pieces.
You spent 202 gold pieces at shops.

Inventory:

Hand Weapons
 H - a +0 rapier (weapon)
 Y - a +0 blowgun
Missiles
 Z - 16 poisoned needles
Armour
 j - a +1 pair of boots (worn)
 m - a +3 leather armour (worn)
 u - a +2 cloak of magic resistance (worn)
 M - a +0 pair of gloves (worn)
Jewellery
 t - an amulet of resist mutation (around neck)
 v - a ring of protection from fire (right hand)
 x - a ring of protection from fire (left hand)
 I - the amulet of the Final Decision {Inacc rF+ Stlth+}
   (You found it on level 5 of the Dungeon)

   [amulet of inaccuracy]

   It reduces the accuracy of all your attacks.
   It protects you from fire.
   It makes you more stealthy.
Wands
 d - a wand of enslavement (5)
 C - a wand of polymorph (13)
 N - a wand of confusion (0)
 S - a wand of disintegration (2)
 T - a wand of lightning (11)
 U - a wand of polymorph (13)
 W - a wand of fire (7)
Scrolls
 i - 2 scrolls of noise {unknown}
 k - 2 scrolls of amnesia {unknown}
 o - 2 scrolls of blinking {unknown}
 q - a scroll of magic mapping
 r - 11 scrolls of teleportation
 s - 4 scrolls of remove curse
 K - a scroll of fog
 O - a scroll of enchant armour {unknown}
 P - a scroll of vulnerability {unknown}
 X - a scroll of fear
Potions
 b - 2 potions of might
 g - 2 potions of magic
 h - 2 potions of cancellation
 l - 3 potions of heal wounds
 n - 3 potions of flight
 p - 4 potions of lignification
 w - 2 potions of agility
 z - 2 potions of curing {unknown}
 A - 2 potions of invisibility {unknown}
 B - a potion of degeneration {unknown}
 D - a potion of poison {unknown}
 E - a potion of berserk rage {unknown}
 F - 2 potions of resistance {unknown}
 L - 3 potions of brilliance {unknown}
 Q - a potion of beneficial mutation {unknown}
 R - a potion of haste {unknown}
Miscellaneous
 a - a plain deck of destruction {drawn: 2}
 y - a plain deck of war
 V - a plain deck of escape
Comestibles
 f - 5 meat rations
 G - 3 slices of pizza
 J - 2 beef jerkies


   Skills:
 + Level 7.5 Fighting
 + Level 9.0 Short Blades
 + Level 8.7 Dodging
 + Level 9.9 Stealth
 + Level 8.8 Evocations


You had 9 spell levels left.
You didn't know any spells.

Dungeon Overview and Level Annotations

Branches:
Dungeon (11/15)            Temple (1/1) D:5
   Lair: D:8-11         Orc: D:9-12

Altars:
Ashenzari
Cheibriados
Dithmenos
Elyvilon
Fedhas
Gozag
Kikubaaqudgha
Makhleb
Nemelex Xobeh
Okawaru
Qazlal
Ru
Sif Muna
Trog
Vehumet
Xom
Yredelemnul
Zin
The Shining One

Shops:
D:8 [   D:9 ?

Annotations:
D:10 Harold


Innate Abilities, Weirdness & Mutations

You are small and have problems with some larger weapons.
You are carnivorous and can eat meat at any time.
Armour fits poorly on your strangely shaped body.
Potions and wands are less effective at restoring your health.
You expend magic power (3 MP) to strengthen your wands.


Message History

Harold is blasted.
This wand has 3 charges left.
You feel very sick. Harold misses you. Harold stings you but does no damage.
Evoke which item? (* to show all) (? for menu, Esc to quit)
Zapping:
S - a wand of disintegration (3)
Press: ? - help, Shift-Dir - straight line, f/p - Harold
Aim: Harold the hornet (heavily wounded, chance to defeat MR: 80%) Harold barely resists.
This wand has 2 charges left.
You feel sick. Harold stings you but does no damage. Harold closely misses you.
Evoke which item? (* to show all) (? for menu, Esc to quit)
Okay, then.
You feel very sick. Harold barely misses you.
You feel sick. Harold stings you!
* * * LOW HITPOINT WARNING * * *
You are more poisoned.
You feel as though you will be slow longer.
Harold stings you!
You die...
Your body disappears without a glow.

...............>.................
###############.###########..####
#.# #..# #.# #..# #.# #..# #.#
#..# #.# #..# #.###########..####
###############.@y...............
....................../..........
...........#############.........
#########..# #......... #..#
#...).....
#..#############.........
#########........................
...............................>.
.........#########...............


You could see Harold the hornet.

Vanquished Creatures
  Joseph (D:8)
  A troll (D:11)
  A spriggan (D:7)
  2 hungry ghosts
  A water moccasin (D:9)
  3 hippogriffs
  Duvessa (D:5)
  A phantom (D:7)
  2 sky beasts
  An ice beast (D:7)
  6 ogres
  An orc warrior (D:5)
  A boggart (D:9)
  3 centaurs
  A necrophage (D:10)
  A wasp (D:8)
  A crocodile (D:6)
  7 giant frogs
  3 big kobolds
  2 scorpions
  A water moccasin skeleton (D:9)
  2 giant frog skeletons
  3 hounds
  4 crimson imps
  2 jellies
  A centaur skeleton (D:8)
  Ijyb (D:3)
  4 orc priests
  3 orc wizards
  A giant frog zombie (D:7)
  Terence (D:1)
  An iguana (D:5)
  2 worker ants
  A killer bee zombie (D:6)
  A hound skeleton (D:8)
  8 adders
  4 gnolls
  4 shadow imps
  A river rat (D:5)
  A giant eyeball (D:3)
  4 oozes
  An adder skeleton (D:6)
  7 worms
  6 giant geckos
  27 orcs
  5 giant cockroaches
  12 goblins
  8 hobgoblins
  15 jackals
  5 quokkas
  A ball python skeleton (D:4)
  21 bats
  10 giant newts
  2 jackal skeletons
  25 kobolds
  6 rats
241 creatures vanquished.

Vanquished Creatures (collateral kills)
  A worker ant (D:4)
  An orc priest (D:4)
  2 orcs (D:4)
  A giant cockroach (D:4)
5 creatures vanquished.

Vanquished Creatures (others)
  The ghost of Conn321 the Covert, a novice SpCj of Vehumet (D:9)
  Pikel (D:4)
  An ogre (D:9)
  A worker ant (D:4)
  5 sheep (D:5)
  2 orcs (D:4)
  A giant cockroach (D:4)
12 creatures vanquished.

Grand Total: 258 creatures vanquished

Notes
Turn   | Place    | Note
--------------------------------------------------------------
     0 | D:1      | nublet the Kobold Artificer began the quest for the Orb.
     0 | D:1      | Reached XP level 1. HP: 12/12 MP: 3/3
   147 | D:1      | Reached XP level 2. HP: 10/16 MP: 4/4
   644 | D:1      | Reached XP level 3. HP: 13/20 MP: 5/5
  1130 | D:2      | Noticed Terence
  1171 | D:1      | Killed Terence
  1171 | D:1      | Reached skill level 4 in Evocations
  1171 | D:1      | Reached XP level 4. HP: 18/26 MP: 5/7
  1296 | D:2      | Noticed Jessica
  1304 | D:2      | Noticed Jessica
  1304 | D:2      | Jessica changed into Jessica the kobold
  1309 | D:2      | Killed Jessica the kobold
  1712 | D:2      | Found a basalt altar of Yredelemnul.
  1713 | D:2      | Found a sacrificial altar of Ru.
  2156 | D:3      | Noticed a sky beast
  2174 | D:3      | Killed a sky beast
  2174 | D:3      | Reached XP level 5. HP: 29/31 MP: 8/8
  2183 | D:3      | Gained mutation: You are clumsy. (Dex -2) [mutagenic meat]
  2184 | D:3      | Gained mutation: Armour fits poorly on your strangely shaped body. [mutagenic meat]
  2185 | D:3      | Gained mutation: Potions and wands are less effective at restoring your health. [mutagenic meat]
  2186 | D:3      | Gained mutation: You expend magic power (3 MP) to strengthen your wands. [mutagenic meat]
  2187 | D:3      | Lost mutation: You are clumsy. (Dex -2) [mutagenic meat]
  2289 | D:3      | Noticed Ijyb
  2370 | D:3      | Killed Ijyb
  2370 | D:3      | Reached XP level 6. HP: 15/36 MP: 1/9
  2593 | D:3      | Paralysed by a giant eyeball for 2 turns
  2603 | D:3      | Paralysed by a giant eyeball for 4 turns
  2768 | D:3      | Noticed an angel
  2770 | D:3      | Found a glowing silver altar of Zin.
  2770 | D:3      | Found a shimmering altar of Xom.
  3700 | D:4      | Reached skill level 5 in Evocations
  3700 | D:4      | Reached XP level 7. HP: 19/41 MP: 1/10
  3769 | D:4      | Found a glowing drain.
  3776 | D:4      | Noticed Pikel
  3874 | Sewer    | Entered a sewer
  4748 | D:4      | Killed Pikel
  5142 | D:5      | Entered Level 5 of the Dungeon
  5142 | D:5      | Found a staircase to the Ecumenical Temple.
  5142 | D:5      | Noticed Duvessa
  5142 | D:5      | Noticed Dowan
  5171 | D:5      | Killed Duvessa
  5171 | D:5      | Reached skill level 5 in Dodging
  5171 | D:5      | Reached skill level 5 in Stealth
  5194 | D:5      | Reached XP level 8. HP: 48/48 MP: 12/12
  5195 | D:5      | Noticed Dowan
  5195 | D:5      | Dowan changed into Dowan the river rat
  5201 | D:5      | Killed Dowan the river rat
  5289 | D:5      | Reached skill level 5 in Short Blades
  5306 | D:5      | Got a twitching tin amulet
  5307 | D:5      | Identified the amulet of the Final Decision {Inacc rF+ Stlth+} (You found it on level 5 of the Dungeon)
  5357 | Temple   | Entered the Ecumenical Temple
  5560 | Temple   | Became a worshipper of Nemelex Xobeh the Trickster
  5725 | D:5      | Found a white marble altar of Elyvilon.
  5901 | D:5      | Found a shimmering altar of Xom.
  6170 | D:6      | Received a gift from Nemelex Xobeh
  6205 | D:6      | Reached skill level 6 in Evocations
  6428 | D:6      | Found a snail-covered altar of Cheibriados.
  6700 | D:5      | Reached skill level 5 in Fighting
  6881 | D:6      | Reached XP level 9. HP: 47/54 MP: 13/13
  7151 | D:6      | Reached skill level 7 in Stealth
  7241 | D:7      | Found an iron altar of Okawaru.
  7260 | D:7      | Reached * piety under Nemelex Xobeh
  7707 | D:7      | Reached skill level 8 in Stealth
  8289 | D:7      | Reached XP level 10. HP: 55/61 MP: 15/15
  8515 | D:8      | Found a white marble altar of Elyvilon.
  8520 | D:8      | Noticed Joseph
  8530 | D:8      | Killed Joseph
  8552 | D:8      | Received a gift from Nemelex Xobeh
  8687 | D:8      | Reached skill level 9 in Stealth
  9075 | D:8      | Found Cohadgh's Armour Shop.
  9248 | D:9      | Found an ancient bone altar of Kikubaaqudgha.
  9681 | D:9      | Received a gift from Nemelex Xobeh
  9718 | D:9      | Noticed Conn321's ghost (novice SpCj)
  9821 | D:9      | Found Deetseb's Magic Scroll Shoppe.
  9825 | D:9      | Bought a scroll of fog for 30 gold pieces
  9825 | D:9      | Bought a scroll of recharging for 142 gold pieces
  9826 | D:9      | Bought a scroll of identify for 30 gold pieces
 10078 | D:9      | Killed Conn321's ghost
 10163 | D:10     | Entered Level 10 of the Dungeon
 10168 | D:10     | Reached ** piety under Nemelex Xobeh
 10867 | D:11     | Noticed a hill giant
 10901 | D:10     | Noticed Harold
 10903 | D:10     | Noticed Harold
 10903 | D:10     | Harold changed into Harold the hornet
 10914 | D:10     | Slain by Harold the hornet

Vault maps used:
D:1:      minmay_arrival_nine_rooms
D:2:      gammafunk_temple_overflow_statue, uniq_terence, uniq_jessica
D:3:      kennysheep_the_goblin_king, grunt_temple_overflow_order_and_chaos_1
D:4:      first_bread, gup_sewer_entry_glass, uniq_pikel
D:5:      elyvilon_altar_3, temple_fountains, kb_xom_exploding_sheep,
          uniq_duvessa
D:6:      cheibriados_altar_1
D:7:      kennysheep_mini, grunt_ministairs_7, the_bakery, lemuel_centaur_altar
D:8:      kennysheep_ambush_hall, serial_shops, shop, basic_altar, uniq_joseph
D:9:      old_standard_altar, serial_shops, kennysheep_mini_moat, st_stairs_5,
          lemuel_old_faithful
D:10:     uniq_harold
D:11:     lair_0_dummy, onia_ninara_cookie
Temple:   hc_temple_tempest_star
Sewer:    sewer_fruit_machine

Action                   |  1- 3 |  4- 6 |  7- 9 | 10-12 || total
-------------------------+-------+-------+-------+-------++-------
Melee: Short sword       |   118 |   225 |   289 |       ||   632
       Unarmed           |       |       |     7 |       ||     7
       Rapier            |       |       |   421 |   204 ||   625
Evoke: Wand              |     4 |    23 |    22 |    11 ||    60
       Deck              |       |       |     1 |     1 ||     2
  Use: Scroll            |     3 |     3 |     1 |     5 ||    12
       Potion            |       |       |     1 |       ||     1
 Stab: Paralysed         |     3 |     2 |       |       ||     5
       Sleeping          |       |     3 |    17 |    29 ||    49
       Distracted        |       |       |     1 |     2 ||     3
       Confused          |       |       |     5 |     1 ||     6
  Eat: Chunk             |     9 |    14 |    16 |    21 ||    60
